AoeStats
← Goffs

Arena

507217910Analyzed
1v1 RM · 16d ago on Sep 17, 2026· 32m 42s· 2 players
Game mode
Random Map
Map size
Tiny (2 player)
Population
200
Speed
Normal
Resources
Standard
Victory
Conquest
Starting age
Dark Age
Ending age
Imperial Age
RankedLock teamsTeams togetherTeam positionsShared explorationLock speedFull tech treeHidden civsTurbo modeCheats
Victory
Defeat
🇺🇸 Muisca · United States
1203
+16
🇦🇷 Bulgarians · Argentina
1206
-16
chivalren
7:12 Loom
9:57 Feudal Age
14:25 Castle Age
14:06 Double-Bit Axe
16:04 Fletching
18:34 Horse Collar
25:44 Wheelbarrow
30:49 Imperial Age
28:48 Bow Saw
28:54 Squires
30:10 Bodkin Arrow
30:25 Heavy Plow
30:39 Champi Runner
31:53 Conscription
33:15 Ballistics
Goffs
6:54 Loom
9:41 Feudal Age
10:20 Arson
19:17 Castle Age
17:40 Gold Mining
19:27 Forging
19:18 Scale Mail Armor
20:02 Double-Bit Axe
20:47 Squires
24:46 Horse Collar
Connection lost

Rejoining the realm…

Still unreachable

The connection could not be restored.

Session expired

The server has moved on; the page needs a fresh start.